 Dungeon Crawl Stone Soup version 0.31-a0-210-gccc998df9b (webtiles) character file.

Game seed: 238787289910571050

77 coffeetime the Trooper (level 4, 8/41 HPs)
             Began as a Hill Orc Monk on June 29, 2023.
             Quit the game on level 2 of the Dungeon.
             The game lasted 00:04:31 (1549 turns).

coffeetime the Trooper (Hill Orc Monk)              Turns: 1549, Time: 00:04:31

Health: 8/41       AC:  5    Str: 15    XL:     4   Next: 34%
Magic:  4/4        EV: 11    Int: 10    God:
Gold:   110        SH:  0    Dex: 13    Spells: 1/3 levels left

rFire   . . .        a - +0 mace
rCold   . . .        d - orb {light}
rNeg    . . .        j - +0 ring mail
rPois   .            (no helmet)
rElec   .            (no cloak)
rCorr   .            (no gloves)
SInv    +            (no boots)
Will    .....        (no amulet)
Stlth   +            (no ring)
HPRegen 0.26/turn    (no ring)
MPRegen 0.09/turn

%: no passive effects
@: glowing
A: no striking features
a: no special abilities


You were on level 2 of the Dungeon.
You visited 1 branch of the dungeon, and saw 3 of its levels.

You collected 110 gold pieces.

Inventory:

Hand Weapons
 a - a +0 mace (weapon)
Missiles
 i - 12 stones
Armour
 b - a +0 robe
 d - an orb of light (worn)
 j - a +0 ring mail (worn)
Magical Staves
 n - a staff of air
Jewellery
 g - an amulet of magic regeneration
Scrolls
 e - a scroll of revelation
 h - 2 scrolls of blinking {unknown}
 k - a scroll of fear {unknown}
 l - a scroll of noise {unknown}
 m - a scroll of identify {unknown}
 o - a scroll of acquirement {unknown}
Potions
 c - a potion of ambrosia
 f - 2 potions of attraction {unknown}


   Skills:
 * Level 4.5 Fighting
 - Level 4.0 Maces & Flails
 * Level 0.5 Throwing
 + Level 0.8 Armour
 + Level 2.9 Dodging
 + Level 0.1 Stealth


You had one spell level left.
You knew the following spells:

 Your Spells              Type           Power      Damage    Failure   Level
a - Blink                 Tloc           0%         N/A       75%         2

Your spell library contained the following spells:

 Spells                   Type           Power      Damage    Failure   Level
 Lesser Beckoning         Tloc           0%         N/A       75%         2
 Momentum Strike          Conj/Tloc      0%         3d8       75%         2


Dungeon Overview and Level Annotations

Branches:
Dungeon (3/15)

Altars:
Hepliaklqana


Message History

You hit the iguana.
You kill the iguana!
You have reached level 4!
You see here a staff of air.
n - a staff of air
There is a stone staircase leading up here.
You climb upwards.
There is a stone staircase leading down here.
You start resting.
HP restored.
You climb downwards.
There is a stone staircase leading up here.
An ice beast comes into view.
The ice beast moves out of view.
o - a scroll labelled PEQAKLU ZENNID An ice beast is nearby!
The ice beast barely misses you. The ice beast attacks as you move away!
The ice beast hits you. The ice beast freezes you.
The ice beast attacks as you move away! The ice beast closely misses you.
There is a stone staircase leading up here.
The ice beast barely misses you.
You climb upwards.
There is a stone staircase leading down here.
The ice beast closely misses you. The ice beast attacks as you move away!
The ice beast completely misses you. The ice beast attacks as you move away!
The ice beast hits you. The ice beast freezes you.
The ice beast attacks as you move away! The ice beast hits you.
The ice beast freezes you!
As you read the scroll labelled JAEMOGR YJOBRU, it crumbles to dust.
You feel momentarily disoriented.
It was a scroll of revelation.
The ice beast hits you. The ice beast freezes you!
* * * LOW HITPOINT WARNING * * *
Okay, then.
Unknown command.
Are you sure you want to abandon this character and quit the game? (Confirm with "yes".)
Okay, then.
Unknown command.
Are you sure you want to abandon this character and quit the game? (Confirm with "yes".)

############### ###############
###############
#########.#######
#.......Y.#######
#.#######@#######
####.#######.#######
#..#.#######.#######
#..#....####.####### #####
#........<.#.############....
###.##..>......................
#.........###).......######....
########.......................
######........######....


You could see an ice beast.

Vanquished Creatures
  An iguana (D:3)
  An ufetubus (D:3)
  A dart slug (D:1)
  3 ball pythons
  4 endoplasms
  2 giant cockroaches
  2 goblins (D:1)
  4 hobgoblins
  6 jackals
  5 kobolds
  A quokka (D:2)
  5 bats
  A frilled lizard (D:1)
  3 rats (D:1)
39 creatures vanquished.

Notes
Turn   | Place    | Note
-------+----------+-------------------------------------------
     0 | D:1      | coffeetime the Hill Orc Monk began the quest for the Orb.
     0 | D:1      | Reached XP level 1. HP: 19/19 MP: 1/1
   263 | D:1      | Reached XP level 2. HP: 22/27 MP: 2/2
   437 | D:1      | Found a faded altar of an unknown god.
   554 | D:1      | Reached XP level 3. HP: 33/33 MP: 3/3
   790 | D:2      | Found a hazy altar of Hepliaklqana.
  1072 | D:2      | Learned a level 2 spell: Blink
  1370 | D:3      | Reached XP level 4. HP: 6/41 MP: 4/4
  1517 | D:3      | Noticed an ice beast
  1549 | D:2      | Quit the game

Illustrated notes

Levels and vault maps discovered:
D:1:      kilobyte_arrival_exit_the_forest, layout_rooms,
          hellmonk_ecumenical_altar_pennies_from_heaven, minmay_split_cup_small
D:2:      layout_basic, basic_altar
D:3:      layout_rooms

Skill      XL: |  1  2  3 |
---------------+----------+-----
Fighting       | 4 |  4.5
Maces & Flails | 4 |  4.0
Throwing       | |  0.5
Armour         | |  0.8
Dodging        | |  2.9
Stealth        | |  0.1

Action                     |  1- 3 |  4- 6 || total
---------------------------+-------+-------++-------
  Melee: Mace              |   123 |       ||   123
    Use: Scroll            |       |     1 ||     1
 Armour: Robe              |    14 |       ||    14
         Ring mail         |    27 |       ||    27
  Dodge: Dodged            |   101 |     5 ||   106

Table legend: (Time is in decaauts)
 A = Elapsed time spent in this place.
 B = Non-inter-level travel time spent in this place.
 C = Inter-level travel time spent in this place.
 D = Time resting spent in this place.
 E = Time spent auto-exploring this place.
 F = Levels seen in this place.
 G = Mean time per level.
                   A        B        C        D        E       F      G
               +--------+--------+--------+--------+--------+-----+--------+
         Total |   1587 |   1533 |     54 |    148 |    997 |   3 |  529.0 |
       Dungeon |   1587 |   1533 |     54 |    148 |    997 |   3 |  529.0 |
               +--------+--------+--------+--------+--------+-----+--------+

Top non-repeatable levels by time:
     D:1: 782 daAuts
     D:2: 733 daAuts
     D:3: 71 daAuts
